Cogmind - Beta 13 @@@ ROGUE MODE // 2024.04.02 @ 20:38:28 Player: sewer jenny Result: Destroyed by Y-54 Guardian with Flak Gun Performance ------------- Evolutions (3) 1500 Regions Visited (4) 800 Robots Destroyed (53) 265 Value Destroyed (1587) 1587 Prototype IDs (0) 0 Alien Tech Used (0) 0 Bonus (110) 110 TOTAL SCORE: 4262 Bonus ------- High Alert Combat Kills 110 Cogmind --------- Core Integrity 0/700 Matter 265/300 Energy 64/100 System Corruption 0% Temperature Cool (10) Movement Hovering (60) Location -7/Factory Parts ------- > --- POWER (1) -------- (None) > --- PROPULSION (6) --- Gravmag System > --- UTILITY (4) ------ Improved Melee Analysis Suite > --- WEAPON (2) ------- Heavy Laser > --- INVENTORY (5) ---- Signal Interpreter Peak State ------------ > --- POWER ------------ Improved Deuterium Engine > --- PROPULSION ------- Armored Treads Advanced Treads Aluminum Leg > --- UTILITY ---------- Improved Melee Analysis Suite Improved Melee Analysis Suite Improved Melee Analysis Suite Improved Shield Generator > --- WEAPON ----------- Heavy Flail > --- INVENTORY -------- Improved Ion Engine Signal Interpreter [Rating: 30] Favorites ----------- Power Improved Ion Engine Engine Improved Ion Engine Power Core Light Nuclear Core Propulsion Aluminum Leg Treads Advanced Treads Leg Aluminum Leg Hover Unit Gravmag System Flight Unit Xenon Bombardment Thruster Utility Improved Melee Analysis Suite Device Improved Shield Generator Storage Small Storage Unit Processor Improved Melee Analysis Suite Protection Reactive Plating Weapon Assault Rifle Energy Gun Heavy Laser Ballistic Gun Assault Rifle Launcher Rocket Launcher Special Weapon Plasma Cutter Impact Weapon Heavy Flail Slashing Weapon Katana Build | -11 -10 -9 -8 -7 ------- Run | Yrd Mat Mat Mat Fac Slots Evolved 6 | . . 2 2 2 Power . | . . . . . Propulsion 4 | . . 2 . 2 Utility 2 | . . . 2 . Weapon . | . . . . . Parts Attached 48 | 6 4 11 19 8 Power 8 | 1 1 1 3 2 Engine 7 | 1 1 1 2 2 Core 1 | . . . 1 . Reactor . | . . . . . Propulsion 18 | 2 2 3 8 3 Treads 3 | . . . 2 1 Leg 13 | 2 2 3 6 . Wheel . | . . . . . Hover 1 | . . . . 1 Flight 1 | . . . . 1 Utility 12 | 1 1 3 7 . Device 2 | . . . 2 . Storage 2 | 1 1 . . . Processor 5 | . . 2 3 . Hackware . | . . . . . Protection 3 | . . 1 2 . Artifact . | . . . . . Weapon 10 | 2 . 4 1 3 Energy Gun 1 | . . . . 1 Energy Cannon . | . . . . . Ballistic Gun 3 | 2 . 1 . . Ballistic Cannon . | . . . . . Launcher 1 | . . 1 . . Special Weapon 2 | . . . . 2 Impact Weapon 2 | . . 1 1 . Slashing Weapon 1 | . . 1 . . Piercing Weapon . | . . . . . Special Melee Weapon . | . . . . . Unidentified Prototypes . | . . . . . Parts Lost 27 | . . 3 11 13 Power 4 | . . . 2 2 Propulsion 13 | . . 2 6 5 Utility 5 | . . . 2 3 Weapon 5 | . . 1 1 3 Highest Loss Streak 8 | . . 1 4 8 To Critical Strikes 1 | . . . . 1 Average Slot Usage (%) 75 | . 98 90 61 46 Engine 9 | . 14 11 6 3 Treads 2 | . . . 3 9 Leg 23 | . 28 36 19 3 Device 1 | . . . 1 3 Storage 7 | . 26 4 . . Processor 11 | . . 13 11 19 Protection 2 | . . 4 4 . Ballistic Gun 7 | . 28 5 . . Launcher 2 | . . 6 3 . Impact Weapon 4 | . . 4 9 3 Slashing Weapon 1 | . . 4 . . Naked Turns . | . . . . . Heaviest Build 24 | 12 16 24 24 17 Greatest Support 55 | 20 20 40 55 42 Greatest Overweight (x) 2 | . . 1 1 2 Average Overweight (x) . | . . . . . Largest Inventory Capacity 8 | 8 8 8 5 5 Average Capacity 5 | 6 8 5 5 5 Most Carried 5 | 3 5 4 5 3 Average Carried 2 | 1 3 2 2 1 Final Capacity 8 | 8 8 5 5 5 Final Carried 5 | 2 5 2 1 1 Class Distribution -------------------- 60% | Mutant 39% | Scavenger-Mutant Dominant Class ---------------- Mutant | -10/Materials Scavenger-Mutant | -9/Materials Scavenger-Mutant | -8/Materials Mutant | -7/Factory Resources | -11 -10 -9 -8 -7 ----------- Run | Yrd Mat Mat Mat Fac Matter Collected 917 | 184 272 131 279 51 Remotely . | . . . . . Salvage Created 1645 | . 272 500 815 58 Parts 95 | . 18 41 32 4 Haulers Intercepted . | . . . . . Recyclers Shooed . | . . . . . Parts Field Recycled . | . . . . . Retrieved Matter . | . . . . . Parts Self-Destructed . | . . . . . Prevented . | . . . . . Kills | -11 -10 -9 -8 -7 ------- Run | Yrd Mat Mat Mat Fac Combat Hostiles Destroyed 47 | . 5 20 19 3 Melee 19 | . . 9 10 . Guns 11 | . 5 5 . 1 AOE 9 | . . 6 2 1 Classes Destroyed 8 | . 4 3 1 . Builder 1 | . . 1 . . Recycler 1 | . 1 . . . Operator 1 | . . . 1 . Watcher 3 | . 1 1 1 . Swarmer 17 | . 1 10 3 3 Grunt 22 | . 4 8 10 . Duelist 2 | . . 1 1 . Sentry 6 | . . 1 5 . Best Kill Streak 8 | . 1 8 4 2 Combat Bots Only 8 | . 1 8 4 2 Max Kills in Single Turn 3 | . 1 3 1 1 Gunslinging 1 | . . 1 . . Exploded 3 | . . 3 1 1 Melee 1 | . . 1 1 . Uniques/NPCs Destroyed . | . . . . . Combat | -11 -10 -9 -8 -7 -------- Run | Yrd Mat Mat Mat Fac Hostile Shots Fired 393 | . 22 63 129 179 Missed 123 | . 3 21 30 69 Damage Taken 4061 | . 205 543 1678 1635 Core 1151 | . 31 85 331 704 Absorbed by Shields 98 | . . . . 98 Ignored by Resistances 16 | . . 16 . . Regen/Repaired (Parts) 46 | . . 46 . . Core Remaining (%) 76 | 100 87 78 39 . Volleys Fired 57 | . 26 23 4 4 Largest 2 | . 2 2 1 2 Hottest 69 | . 40 40 33 69 Shots Fired 101 | . 52 40 4 5 Gun 89 | . 52 35 . 2 Cannon . | . . . . . Launcher 9 | . . 5 4 . Special 3 | . . . . 3 Kinetic 87 | . 52 35 . . Thermal 5 | . . . . 5 Explosive 9 | . . 5 4 . Electromagnetic . | . . . . . Robot Hit Streak 7 | . 7 5 1 4 Robot Miss Streak 4 | . 3 4 1 2 Penetration Max . | . . . . . Secondary Targets 1 | . . 1 . . Max Gunslinging Chain 1 | . . 1 . . Shots Hit Robots 109 | . 29 35 37 8 Core Hits 52 | . 12 26 12 2 Critical Kills 1 | . . 1 . . Critical Parts Destroyed 9 | . 1 . 7 1 Critical Strikes 13 | . 1 4 7 1 Destroy 1 | . 1 . . . Smash 9 | . . 1 7 1 Sever 3 | . . 3 . . Melee Attacks 67 | . . 19 41 7 Impact 50 | . . 2 41 7 Slashing 17 | . . 17 . . Piercing . | . . . . . Sneak Attacks 1 | . . . 1 . Combat Hostiles . | . . . . . Follow-up Attacks . | . . . . . Damage Inflicted 3629 | . 369 1199 1782 279 Guns 594 | . 369 187 . 38 Cannons . | . . . . . Explosions 602 | . . 427 175 . Melee 2413 | . . 585 1607 221 Ramming . | . . . . . Kinetic 556 | . 369 187 . . Thermal 58 | . . . . 58 Explosive 602 | . . 427 175 . Electromagnetic . | . . . . . Impact 1887 | . . 59 1607 221 Slashing 526 | . . 526 . . Piercing . | . . . . . Highest Corruption 8 | . . . 8 . Average Corruption 8 | . . . 8 . Corruption Purged . | . . . . . Corruption Blocked . | . . . . . Effects 14 | . . . 14 . Message Errors 4 | . . . 4 . Matter Fused 4 | . . . 4 . Heat Flow Errors 1 | . . . 1 . Energy Discharges 2 | . . . 2 . Data Loss (minor) 1 | . . . 1 . Data Loss (major) 1 | . . . 1 . Alerts 1 | . . . 1 . Overload Shots . | . . . . . Overflow Damage 645 | . . 81 504 60 Projectiles . | . . . . . Explosions 81 | . . 81 . . Melee 564 | . . . 504 60 Knockbacks 3 | . . . 2 1 Impact 3 | . . . 2 1 Kinetic . | . . . . . Secondary . | . . . . . Self-Inflicted Damage 139 | . . 139 . . Shots 2 | . . 2 . . Rammed . | . . . . . Targets Rammed . | . . . . . Kicked . | . . . . . Crushed . | . . . . . Highest Temperature 133 | . 2 . 133 4 Average Temperature 21 | . 2 . 29 2 Received Heat Transfer 942 | . 120 117 585 120 Siege Activations . | . . . . . Robots Corrupted . | . . . . . Combat Hostiles . | . . . . . Parts Fried 13 | . . . 12 1 Impact Corruptions 19 | . . . 16 3 Robots Melted . | . . . . . Combat Hostiles . | . . . . . Parts Melted . | . . . . . Heat Transferred 148 | . . . . 148 Parts Sabotaged . | . . . . . Parts Stolen . | . . . . . Parts Stripped . | . . . . . Power Chain Reactions . | . . . . . Alert | -11 -10 -9 -8 -7 ------- Run | Yrd Mat Mat Mat Fac Peak Influence 503 | . 162 503 499 236 Initial 206 | . . 27 161 206 Average 229 | . 50 281 354 174 Maximum Alert Level 2 | . . 2 2 1 Low Security (%) 38 | 100 100 33 4 27 Level 1 44 | . . 48 56 72 Level 2 16 | . . 17 38 . Level 3 . | . . . . . Level 4 . | . . . . . Level 5 . | . . . . . High Security . | . . . . . Max Security . | . . . . . Squads Dispatched 11 | . 4 3 4 . Investigation 4 | . 1 2 1 . Extermination . | . . . . . Reinforcement 7 | . 3 1 3 . Assault . | . . . . . Garrison . | . . . . . Intercept . | . . . . . Searches Triggered . | . . . . . Construction Impeded 1 | . . . 1 . Haulers Reinforced . | . . . . . Active Scanning Responses . | . . . . . Cargo Convoy Interrupts . | . . . . . Stealth | -11 -10 -9 -8 -7 --------- Run | Yrd Mat Mat Mat Fac Distress Signals 4 | . . . 4 . Communications Jammed . | . . . . . Distress Signals . | . . . . . Times Spotted 74 | . 9 24 24 17 Peak Tracking Total 9 | . 1 7 5 9 Tactical Retreats 4 | . . 3 . 1 Traps | -11 -10 -9 -8 -7 ------- Run | Yrd Mat Mat Mat Fac Traps Triggered . | . . . . . Indirectly . | . . . . . Trap Hack Attempts . | . . . . . Triggered . | . . . . . Disarmed . | . . . . . Reprogrammed . | . . . . . Reused . | . . . . . Traps Extracted . | . . . . . Installed . | . . . . . Triggered . | . . . . . Machines | -11 -10 -9 -8 -7 ---------- Run | Yrd Mat Mat Mat Fac Machines Disabled 4 | . . 4 . . Max in Single Turn 2 | . . 2 . . Machines Repaired . | . . . . . Machines Dismantled . | . . . . . Machines Sabotaged . | . . . . . Overloaded Fab Kills . | . . . . . Hacking | -11 -10 -9 -8 -7 --------- Run | Yrd Mat Mat Mat Fac Machines Accessed 10 | . 3 5 2 . Terminals 8 | . 3 3 2 . Fabricators . | . . . . . Repair Stations 2 | . . 2 . . Recycling Units . | . . . . . Scanalyzers . | . . . . . Garrison Access . | . . . . . Total Hacks 23 | . 7 13 3 . Successful 15 | . 3 11 1 . Failed 8 | . 4 2 2 . Catastrophic 2 | . 2 . . . Database Lockouts . | . . . . . Manual . | . . . . . Terminals 18 | . 7 8 3 . Fabricators . | . . . . . Repair Stations 5 | . . 5 . . Recycling Units . | . . . . . Scanalyzers . | . . . . . Garrison Access . | . . . . . Terminal Hacks 10 | . 3 6 1 . Emergency Access Points 1 | . . 1 . . Alert Level 4 | . 2 2 . . Unreport Threat 1 | . . 1 . . Locate Traps 1 | . . 1 . . Dispatch Records 1 | . . . 1 . Maintenance Status 1 | . 1 . . . Zone Layout 1 | . . 1 . . Fabricator Hacks . | . . . . . Repair Station Hacks 5 | . . 5 . . Scan Component 3 | . . 3 . . Repair 2 | . . 2 . . Recycling Unit Hacks . | . . . . . Scanalyzer . | . . . . . Garrison Access Hacks . | . . . . . Unauthorized Hacks . | . . . . . Terminals . | . . . . . Fabricators . | . . . . . Repair Stations . | . . . . . Recycling Units . | . . . . . Scanalyzers . | . . . . . Garrison Access . | . . . . . Data Cores Recovered 1 | . . . 1 . Used . | . . . . . Hacking Detections 6 | . 3 2 1 . Full Trace Events 5 | . 2 2 1 . Feedback Events . | . . . . . Feedback Blocked . | . . . . . Robot Schematics Acquired . | . . . . . Robots Built . | . . . . . Authchips . | . . . . . Time . | . . . . . Total Robot Build Rating . | . . . . . Part Schematics Acquired . | . . . . . Parts Built . | . . . . . Authchips . | . . . . . Time . | . . . . . Total Part Build Rating . | . . . . . Parts Repaired 1 | . . 1 . . Time 52 | . . 52 . . Parts Recycled . | . . . . . Recycled Matter . | . . . . . Retrieved Matter . | . . . . . Retrieved Components . | . . . . . Parts Scanalyzed . | . . . . . Part Schematics Acquired . | . . . . . Parts Damaged . | . . . . . Bothacking | -11 -10 -9 -8 -7 ------------ Run | Yrd Mat Mat Mat Fac Used RIF Installer . | . . . . . Robots Hacked . | . . . . . Non-combat . | . . . . . Combat . | . . . . . Robot Hacks Applied . | . . . . . Relay Couplers Released . | . . . . . Fabnet Peak Effective % . | . . . . . Robots Rewired . | . . . . . Allies Hacked . | . . . . . Hacks Repelled . | . . . . . Allies | -11 -10 -9 -8 -7 -------- Run | Yrd Mat Mat Mat Fac Total Allies . | . . . . . Largest Group . | . . . . . Highest-Rated Group . | . . . . . Highest-Rated Ally . | . . . . . Total Orders . | . . . . . Ally Attacks . | . . . . . Total Damage . | . . . . . Kills . | . . . . . Allies Corrupted . | . . . . . Allies Melted . | . . . . . Intel | -11 -10 -9 -8 -7 ------- Run | Yrd Mat Mat Mat Fac Robot Analysis Total . | . . . . . Derelict Logs Recovered . | . . . . . Drone Launches . | . . . . . Drone Recoveries . | . . . . . Exploration | -11 -10 -9 -8 -7 ------------- Run | Yrd Mat Mat Mat Fac Turns Passed 2568 | 63 533 718 786 468 Spaces Moved 1650 | 45 368 399 433 405 Core 129 | 6 . . . 123 Treads 333 | . . . 134 199 Legs 1105 | 39 368 399 299 . Wheels . | . . . . . Hover 54 | . . . . 54 Flight 29 | . . . . 29 Fastest Speed 40 | 50 120 120 120 40 Average Speed 126 | 110 120 138 145 104 Slowest Speed 190 | 120 120 190 190 170 Overloaded Moves . | . . . . . Propulsion Burnouts . | . . . . . Robots Hopped . | . . . . . Cave-ins Triggered 1 | . . . 1 . Exploration Rate (%) 30 | 3 63 34 40 12 Regions Visited 4 Branch Regions . Pre-discovered Areas . | . . . . . Known Exits Taken . | . . . . . Unknown Exits Taken 4 | 1 1 1 1 . Scrap Searched . | . . . . . Spaces Dug . | . . . . . Terrain Destroyed 109 | . . 61 48 . Melee . | . . . . . Projectile . | . . . . . AOE 109 | . . 61 48 . Terrain Rammed . | . . . . . Walls Destroyed . | . . . . . Machines Disabled . | . . . . . Actions | -11 -10 -9 -8 -7 --------- Run | Yrd Mat Mat Mat Fac Total 1918 | 58 407 500 521 432 Wait 41 | . . 35 5 1 Move 1646 | 44 367 398 432 405 Hop . | . . . . . Pick Up 46 | 8 7 8 16 7 Fast Attach 2 | . . . 2 . Attach 37 | 6 1 10 13 7 Detach . | . . . . . Swap 9 | . 3 1 4 1 Drop 13 | . 3 6 4 . Fire 57 | . 26 23 4 4 Melee 67 | . . 19 41 7 Ram . | . . . . . Kick . | . . . . . Crush . | . . . . . Escape Stasis . | . . . . . Rewire . | . . . . . Trap . | . . . . . Miscellaneous . | . . . . . Route ------- -11/Scrapyard -10/Materials (discovered 2 exits: *Mat x2) -9/Materials -8/Materials -7/Factory History --------- Turn | Location | Event 2 | -11/Scrapyard | Met Revision 17 3 | -11/Scrapyard | Discovered new exit (range 15) 64 | -11/Scrapyard | Entered Materials 262 | -10/Materials | Discovered new exit (range 5) 305 | -10/Materials | Build established: Mutant 535 | -10/Materials | Discovered new exit (range 12) 597 | -10/Materials | Entered another Materials area 597 | -9/Materials | Evolved 2 slots: Propulsion x2 685 | -9/Materials | Repaired Assault Rifle 896 | -9/Materials | Destroyed 8 combat bots 1022 | -9/Materials | Build established: Scavenger-Mutant 1290 | -9/Materials | Discovered new exit (range 5) 1315 | -9/Materials | Entered another Materials area 1315 | -8/Materials | Evolved 2 slots: Utility x2 1630 | -8/Materials | Crushed by falling debris 1661 | -8/Materials | Lost 4 parts (1p1n1u1w) 1726 | -8/Materials | Lost 3 parts (3n) 1862 | -8/Materials | Core integrity fell below 50% 1915 | -8/Materials | Lost 4 parts (1p2n1u) 2028 | -8/Materials | Discovered new exit (range 16) 2101 | -8/Materials | Entered Factory 2101 | -7/Factory | Evolved 2 slots: Propulsion x2 2189 | -7/Factory | Build established: Mutant 2391 | -7/Factory | Lost 5 parts (1p2n1u1w) 2450 | -7/Factory | Core integrity fell below 50% 2493 | -7/Factory | Core integrity fell below 20% 2538 | -7/Factory | Lost 8 parts (1p3n2u2w) 2569 | -7/Factory | Destroyed by Y-54 Guardian with Flak Gun Last Messages --------------- C-30 ARC bursts open, deploying its payload. S-27 Virus unfolds itself. Arm. Treads destroyed. Acquired Adv. Treads. Critical hit (Burn: +37). S-27 Virus destroyed. Acquired 23 matter. Adv. Treads destroyed. Imp. Melee Analysis Suite destroyed. Imp. Ion Engine destroyed. Imp. Melee Analysis Suite destroyed. Acquired Plasma Cutter. Plasma Cutter destroyed. Acquired Xenon Bombardment Thruster. M-28 Smith repairs L-41 Fighter. Xenon Bombardment Thruster destroyed. Acquired Gravmag System. U-05 Engineer lays Concrete. Acquired Hvy. Laser. S-27 Virus destroyed. Map ----- +----------------------------------------------------+ | ??????????????# #?????????????????????# ##### | | ??????????????# #????????????????????## ##?## | | ##????????????# #????????????????????# ##T | | #????????????# ###################### T" | | ############## + """"" "" | | # ! # # """F"" ######### | | # # # """ "" ##### # # ! ""# | | # # # ## " | | # """ """ # # ##"""" | | # """ """ ###### ##" | | # """ """ + " | | + ## ##### #"" | | # """ """ ## #???# # " | | #! """ """ ## #???############ " | | # """ """ ## #??????????????##" | | # ## #???????????????#" | | # ## #???????????????###"" """"""### | | ############### ##########????????##### " ####?? | | # ## # """""" #????????????# ####????? | | # ## # """""" #????????????# #???????? | | # + # """""" #????????????# #???????? | | # ## # """""" #????????????# #???????? | | # ##g# #????????????# #???????? | | ###+###########=gl #????????????# #???????? | | #??????# #= ####?????????# #???????? | | ######## # @/ #?????????# #???????? | | Y [ ####?" "?????# #???????? | | ^ ^ ##########????" "?????# #???????! | | #### ????? # " " ????# #??????!! | | ### + ?"T"? # " " ????# #????? ? | | ??# """ """ #### # " " "?### #####/### | | ??# """ """ #???? # " " "?# "% | | ??# """ """ #???? # " " " # " | | ??# #????? """ ?# # | | ??# """ """ #????? """ ?# + | | ??# """ """ #??????"""??# # | | ??# """ """ #?????? ??# # """"""" "" | | ??# ########+############ """"""" "" | | ??# """ """"""" "" | | ??+ """ % """"""" "" | | ??# """ ! | | ??# | | ??# ! | | ??# ##########+#############/##### | | ??# #????# #????# !#? | | ??# #? =# #????# """" # " | | ??+ # # #????# """" # " | | ??# / !! #| ! #????# """" / " | | ??# # !! # ! #????# """" # " | | ??# #??! # #????# # " | +----------------------------------------------------+ Best States ------------- Heat Dissipation 34 Energy Generation 16 Energy Capacity 415 Matter Stores 300 Matter Capacity 300 Sight Range 18 Terrain Scan Density 10 Armor Coverage 150 Resistance: KI 20 Evasion (%) 62 Melee Accuracy 18 Recoil Reduction 2 Item Schematics ----------------- None Robot Schematics ------------------ None Fabricated ------------ Nothing Alien Tech Used ----------------- None Achievements -------------- Everything Is Under Control Unlikely Earthworm Challenges ------------ None Game ------ Seed AblativeContainmentInsulator Manual? 0 Play Time 00:35:51 Cumulative 4.3 hours Start 2024.04.02 @ 20:04:50 End 2024.04.02 @ 20:38:28 Sessions 1 Manual Loads 0 Difficulty Rogue Special Mode None Game No. 5 Rogue 4 Adventurer 1 Explorer 0 Win Type - Total 0 Types 0/0/0/0/0/0/0/0/0 Lore% 3 Gallery% 13 Achievement% 10 Wizard Run 0 Options --------- Layout 1 ASCII 0 Keyboard 0 Movement Mouse Keybinds 0 Fullscreen 2 Font 24/Smallcaps Map View 50x35 Zoom Use 0% Tactical HUD 0 Map Filters NONE Filters NONE Steam 1 RUN: ff58a04f-5296-4123-9521-f7026d6ce8e2